 Dungeon Crawl Stone Soup version 0.30-a0-778-g2ef04afb54 (webtiles) character file.

Game seed: 273277363869756988

7 Firecrotchwizard the Chopper (level 2, -3/27 HPs)
             Began as a Hill Orc Monk on Feb 17, 2023.
             Succumbed to a kobold's poison
             ... on level 1 of the Dungeon.
             The game lasted 00:00:46 (153 turns).

Firecrotchwizard the Chopper (Hill Orc Monk)         Turns: 153, Time: 00:00:46

Health: -3/27      AC:  2    Str: 13    XL:     2   Next: 0%
Magic:  2/2        EV: 12    Int: 10    God:
Gold:   33         SH:  0    Dex: 13    Spells: 1/1 levels left

rFire   . . .      SeeInvis .    a - +0 hand axe
rCold   . . .      Faith    .    (no shield)
rNeg    . . .      Spirit   .    b - +0 robe
rPois   .          Reflect  .    (no helmet)
rElec   .          Harm     .    (no cloak)
rCorr   .          Rampage  .    (no gloves)
Will    .....                    (no boots)
Stlth   ++                       (no amulet)
HPRegen 0.24/turn                (no ring)
MPRegen 0.08/turn                (no ring)

@: lethally poisoned (-3 -> -22)
A: no striking features
a: no special abilities


You were on level 1 of the Dungeon.
You visited 1 branch of the dungeon, and saw 1 of its levels.

You collected 33 gold pieces.

Inventory:

Hand Weapons
 a - a +0 hand axe (weapon)
Armour
 b - a +0 robe (worn)
Potions
 c - a potion of invisibility {unknown}
 G - a potion of ambrosia {!q}


   Skills:
 + Level 3.8 Fighting
 * Level 4.4 Axes
 - Level 2.4 Dodging
 - Level 1.5 Stealth


You had one spell level left.
You didn't know any spells.
Your spell library was empty.

Dungeon Overview and Level Annotations

Branches:
Dungeon (1/15)

Altars:

Shops:
D:1 *


Message History

As you open the door, it creaks loudly!
There is an open door here.
You now have 21 gold pieces (gained 10).
There is an open door here.
A goblin comes into view. It is wielding a +0 club.
The goblin shouts!
The goblin barely misses you.
You closely miss the goblin. The goblin hits you with a +0 club.
You take 3 damage, and have 16/19 hp.
You closely miss the goblin. The goblin hits you but does no damage.
You hit the goblin but do no damage. The goblin misses you.
You barely miss the goblin. The goblin hits you but does no damage.
You hit the goblin. The goblin misses you.
You hit the goblin. The goblin misses you.
You hit the goblin.
You kill the goblin!
Things that are here:
a +0 club; a goblin corpse
Things that are here:
a +0 club; a goblin corpse You open the door.
A ball python comes into view.
Health restored: 20 The ball python hisses angrily.
You hit the ball python.
You kill the ball python!
You see here a ball python corpse.
You open the door.
Found an escape hatch in the floor.
You now have 33 gold pieces (gained 12).
An endoplasm comes into view.
The helpless endoplasm fails to defend itself.
You hit the endoplasm. The endoplasm hits you.
You take 3 damage, and have 17/20 hp.
You hit the endoplasm. The endoplasm misses you. The endoplasm freezes you.
You are frozen.
You take 2 damage, and have 15/20 hp.
You hit the endoplasm.
You kill the endoplasm!
Found a stone staircase leading down.
Health restored: 20 A frilled lizard comes into view.
The frilled lizard hisses angrily.
A dart slug comes into view.
Found Kudeyrch's Assorted Antiques.
The frilled lizard bites you but does no damage.
The dart slug moves out of view.
You hit the frilled lizard but do no damage.
The frilled lizard bites you.
You take 1 damage, and have 19/20 hp.
You hit the frilled lizard. The frilled lizard bites you.
You take 1 damage, and have 18/20 hp.
You miss the frilled lizard. The frilled lizard barely misses you.
You hit the frilled lizard.
You kill the frilled lizard!
You see here a frilled lizard corpse.
A dart slug is nearby!
A kobold comes into view.
It is wielding a +0 short sword of venom.
The kobold shouts!
A bat comes into view.
The dart slug launches a dart at you. The slug dart hits you.
The kobold moves out of view.
The bat moves out of view.
You take 1 damage, and have 18/20 hp.
The dart slug bites you.
You take 2 damage, and have 16/20 hp.
You hit the dart slug. The dart slug bites you.
You take 2 damage, and have 14/20 hp.
You hit the dart slug. The dart slug launches a dart at you.
The slug dart hits you.
You take 4 damage, and have 10/20 hp.
You hit the dart slug.
You kill the dart slug!
You have reached level 2!
You regained 3 hp, and now have 13/27 hp.
MP restored: 2 A giant cockroach comes into view.
You hit the kobold. The kobold hits you but does no damage.
You are poisoned.
You closely miss the kobold.
You feel very sick.
The kobold hits you with a +0 short sword of venom.
You are lethally poisoned!
You take 4 damage, and have 10/27 hp.
You barely miss the kobold.
* * * LOW HITPOINT WARNING * * *
You feel very sick. The kobold misses you.
You take 5 damage, and have 5/27 hp.
You barely miss the kobold.
* * * LOW HITPOINT WARNING * * *
You feel very sick.
The kobold hits you with a +0 short sword of venom.
* * * LOW HITPOINT WARNING * * *
You are more poisoned.
You take 3 damage, and have 2/27 hp.
You closely miss the kobold.
You die...

...b... ###.......#
...$..
##......>##.. .....
#..########..
#$.###.######....#
###.#..†.......####
#∩.........##### #
#.B........# #
#.K........# .
##@##....### .
#..###.#.# . #.##
#.#.# #. #.... #.
###.#. #. .#.# ## #


You could see a giant cockroach and a kobold.

Vanquished Creatures
  A dart slug (D:1)
  An endoplasm (D:1)
  A goblin (D:1)
  A ball python (D:1)
  A frilled lizard (D:1)
5 creatures vanquished.

Notes
Turn   | Place    | Note
-------+----------+-------------------------------------------
     0 | D:1      | Firecrotchwizard the Hill Orc Monk began the quest for the
                  | Orb.
     0 | D:1      | Reached XP level 1. HP: 19/19 MP: 1/1
   134 | D:1      | Found Kudeyrch's Assorted Antiques.
   148 | D:1      | Reached XP level 2. HP: 13/27 MP: 2/2
   151 | D:1      | HP: 5/27 [poisoned by a kobold]
   152 | D:1      | HP: 2/27 [kobold/+0 short sword of venom (1)]
   153 | D:1      | Succumbed to a kobold's poison

Illustrated notes

Levels and vault maps discovered:
D:1:      minmay_arrival_four_houses, layout_rooms, serial_shops, shop,
          nicolae_shop_waterfront, nicolae_shop_behind_doors

Action                     || total
---------------------------++-------
  Melee: Hand axe          ||    23
   Stab: Sleeping          ||     1
 Armour: Robe              ||     4
  Dodge: Dodged            ||     7

Table legend: (Time is in decaauts)
 A = Elapsed time spent in this place.
 B = Non-inter-level travel time spent in this place.
 C = Inter-level travel time spent in this place.
 D = Time resting spent in this place.
 E = Time spent auto-exploring this place.
 F = Levels seen in this place.
 G = Mean time per level.
                   A        B        C        D        E       F      G
               +--------+--------+--------+--------+--------+-----+--------+
         Total |    154 |    154 |      0 |      0 |    101 |   1 |  154.0 |
       Dungeon |    154 |    154 |      0 |      0 |    101 |   1 |  154.0 |
               +--------+--------+--------+--------+--------+-----+--------+

Top non-repeatable levels by time:
     D:1: 154 daAuts

Table legend:
 A = Kills in this place as a percentage of kills in entire the game.
 B = Kills by you in this place as a percentage of kills by you in the entire game.
 C = Kills by friends in this place as a percentage of kills by friends in the entire game.
 D = Other kills in this place as a percentage of other kills in the entire game.
 E = Experience gained in this place as a percentage of experience gained in the entire game.
 F = Experience gained in this place divided by the number of levels of this place that you have seen.
                   A       B       C       D       E      F
               +-------+-------+-------+-------+-------+----------------------
         Total | 100.0 | 100.0 |   N/A |   N/A | 100.0 |  10.0
       Dungeon | 100.0 | 100.0 |   N/A |   N/A | 100.0 |  10.0
               +-------+-------+-------+-------+-------+----------------------
